 Dungeon Crawl Stone Soup version 0.17.0-23-g0de4337 (webtiles) character file.

16160 timez0r the Bludgeoner (level 12, -8/102 HPs)
             Began as a Minotaur Berserker on Nov 13, 2015.
             Was a High Priest of Trog.
             Mangled by a spiny frog (10 damage)
             ... on level 3 of the Lair of Beasts.
             The game lasted 00:31:33 (14924 turns).

timez0r the Bludgeoner (Minotaur Berserker)        Turns: 14924, Time: 00:31:33

Health: -8/102     AC: 21    Str: 23    XL:     12   Next: 7%
Magic:  3/3        EV:  8    Int:  4    God:    Trog [*****.]
Gold:   673        SH:  0    Dex: 14    Spells: 0 memorised, 11 levels left

rFire  . . .     SeeInvis +     y - +3 morningstar (antimagic)
rCold  . . .     Clarity  +     W - +0 plate armour
rNeg   . . .     SustAt   +     (no shield)
rPois  .         Gourm    .     (helmet restricted)
rElec  .         Spirit   .     p - +1 cloak
rCorr  .         Warding  .     J - +0 pair of gloves
rMut   .         Stasis   .     S - +2 pair of boots {run}
MR     ++...                    (no amulet)
Stlth  ..........               H - ring of sustain attributes
                                r - ring of see invisible

@: lethally poisoned (-8 -> -15), very slightly contaminated, regenerating,
hasted, very quick, very resistant to hostile enchantments, extremely unstealthy
A: retaliatory headbutt, horns 2, clarity, shaggy fur 1, spit poison 1
a: Spit Poison, Berserk, Trog's Hand, Brothers in Arms, Burn Spellbooks,
Renounce Religion


You were on level 3 of the Lair of Beasts.
You worshipped Trog.
Trog was extremely pleased with you.
You were full.

You visited 3 branches of the dungeon, and saw 14 of its levels.
You also visited: Sewer.

You collected 812 gold pieces.
You spent 139 gold pieces at shops.

Inventory:

Hand Weapons
 y - a +3 antimagic morningstar (weapon)
Missiles
 e - 453 stones (quivered)
Armour
 p - a +1 cloak (worn)
 J - a +0 pair of gloves (worn)
 S - a +2 pair of boots of running (worn)
 W - a +0 plate armour (worn)
Jewellery
 m - a +2 ring of intelligence
 r - a ring of see invisible (left hand)
 z - an uncursed ring of protection from fire
 B - an uncursed ring of protection from cold
 H - a ring of sustain attributes (right hand)
Wands
 b - a wand of cold (10)
 k - a wand of enslavement (17)
 A - a wand of magic darts (10)
 D - a wand of fire (4)
 I - a wand of hasting (4)
 N - a wand of lightning (4)
Scrolls
 d - 3 scrolls of random uselessness
 i - 6 scrolls of remove curse
 j - 2 scrolls of fog
 q - 9 scrolls of teleportation
 u - 3 scrolls of noise
 x - a scroll of recharging
 K - 3 scrolls of immolation
 Q - 3 scrolls of identify
Potions
 a - a potion of curing
 f - 2 potions of resistance
 g - 4 potions of might
 n - 2 potions of berserk rage
 o - a potion of flight
 s - 2 potions of agility
 t - a potion of haste
 w - a potion of invisibility
 E - 3 potions of mutation
 F - a potion of magic
 M - a potion of cancellation
Comestibles
 c - 12 bread rations
 h - 4 meat rations
 l - 2 royal jellies
 G - 5 fruits


   Skills:
 + Level 8.2 Fighting
 * Level 19.6 Maces & Flails
 + Level 7.7 Armour
 - Level 2.1 Dodging


You had 11 spell levels left.
You didn't know any spells.

Dungeon Overview and Level Annotations

Branches:
Dungeon (10/15)            Temple (1/1) D:6            Lair (3/8) D:9
  Swamp: Lair:3-6    Shoals: Lair:3-6     Snake: Lair:3-6    Spider: Lair:3-6
    Orc: D:9-12

Altars:
Elyvilon
Fedhas
Gozag
Okawaru
Ru
Trog
Zin
The Shining One

Shops:
D:8 *

Annotations:
D:10 Sonja


Innate Abilities, Weirdness & Mutations

You reflexively headbutt those who attack you in melee.
You have a pair of horns on your head.
You possess an exceptional clarity of mind.
You are covered in fur (AC +1).
You can spit weak poison.


Message History

You feel sick.
Unknown command.
Drink which item? (? for menu, Esc to quit)
Okay, then.
Your skin crawls.
You feel resistant to hostile enchantments.
You feel slightly less full.
You feel sick. The spiny frog barely misses you.
Evoke which item? (* to show all) (? for menu, Esc to quit)
Zapping:
I - a wand of hasting {recharged} (will waste charges)
Press: ? - help, Shift-Dir - straight line, f - you You feel yourself speed up.
You are very lightly contaminated with residual magic.
Evoking this partially-identified wand wasted a few charges.
You feel sick. The spiny frog stings you!
* * * LOW HITPOINT WARNING * * *
You are lethally poisoned!
The spiny frog poisons you!
The spiny frog stings you but does no damage.
The spiny frog stings you!
You die...

##### ### #.#.#####
######
P#..######.#..#.###..##.
........................
##[................[..
#...F@........#.#.#P##
#...FF.........#######
##.............# #
#............## #
#...###......# #
#...#.....#...# #.
#...P.....[... ##
#.#......... ..#........


You could see 3 spiny frogs.

Vanquished Creatures
  3 hydras
  The ghost of Archteshnor the Basher, a journeyman GrFi of the Shining One (D:8)
  Urug (Lair:2)
  The ghost of gabygaby the Ducker, a novice OpTm of Dithmenos (D:7)
  7 spiny frogs
  5 komodo dragons
  2 trolls
  A two-headed ogre (D:9)
  Prince Ribbit (D:6)
  3 blink frogs (Lair:2)
  A wyvern (D:9)
  3 hippogriffs
  6 wolves (Lair:2)
  A basilisk (Lair:1)
  2 wargs (D:9)
  6 water moccasins
  3 orc warriors
  6 porcupines
  Duvessa (D:7)
  2 sky beasts
  A necrophage (D:5)
  A phantom (D:8)
  5 ogres
  4 centaurs
  4 crocodiles
  9 giant frogs
  3 scorpions
  5 killer bees (D:7)
  Dowan (D:7)
  6 crimson imps
  2 jellies
  10 orc priests
  3 hounds
  4 iguanas
  A giant frog skeleton (D:4)
  9 worker ants
  11 orc wizards
  A killer bee zombie (D:7)
  A hound skeleton (D:8)
  2 hound zombies (D:5)
  Robin (D:3)
  8 gnolls
  11 adders
  33 river rats
  An ooze (D:1)
  An adder zombie (D:7)
  4 adder skeletons
  6 worms
  3 giant geckos
  33 orcs
  4 giant cockroaches
  6 goblins
  14 hobgoblins
  2 ball pythons
  9 bats
  2 giant newts (D:3)
  13 jackals
  7 kobolds
  4 quokkas
  A quokka zombie (D:6)
  8 rats
310 creatures vanquished.

Vanquished Creatures (others)
  3 fungi (Lair:1)
3 creatures vanquished.

Grand Total: 313 creatures vanquished

Notes
Turn   | Place    | Note
--------------------------------------------------------------
     0 | D:1      | timez0r the Minotaur Berserker began the quest for the Orb.
     0 | D:1      | Reached XP level 1. HP: 19/19 MP: 0/0
   212 | D:1      | Reached skill level 4 in Maces & Flails
   298 | D:1      | Reached XP level 2. HP: 26/26 MP: 1/1
   363 | D:1      | Reached skill level 5 in Maces & Flails
   584 | D:1      | Reached XP level 3. HP: 31/31 MP: 2/2
   592 | D:1      | Reached ** piety under Trog
  1788 | D:3      | Reached XP level 4. HP: 36/39 MP: 3/3
  1825 | D:3      | Reached skill level 6 in Maces & Flails
  1981 | D:3      | You fall through a shaft for 3 floors!
  2084 | D:6      | Found a glowing drain.
  2089 | Sewer    | Entered a sewer
  2114 | Sewer    | Noticed a crocodile
  2121 | Sewer    | Killed a crocodile
  2121 | Sewer    | Reached skill level 7 in Maces & Flails
  2121 | Sewer    | Reached XP level 5. HP: 28/45 MP: 4/4
  2339 | D:5      | Entered Level 5 of the Dungeon
  2604 | D:4      | Reached skill level 8 in Maces & Flails
  2604 | D:4      | Reached XP level 6. HP: 48/51 MP: 5/5
  2822 | D:3      | Reached *** piety under Trog
  2902 | D:3      | Found a blossoming altar of Fedhas.
  2943 | D:3      | Found an opulent altar of Gozag.
  2943 | D:3      | Found a glowing silver altar of Zin.
  3007 | D:3      | Noticed Robin
  3016 | D:3      | Killed Robin
  3407 | D:4      | Found a bloodstained altar of Trog.
  3693 | D:4      | Reached skill level 9 in Maces & Flails
  3766 | D:4      | Noticed a water moccasin
  3775 | D:4      | Killed a water moccasin
  3775 | D:4      | Reached XP level 7. HP: 50/57 MP: 2/6
  3880 | D:5      | Found an iron altar of Okawaru.
  3887 | D:5      | Noticed a necrophage
  3893 | D:5      | Killed a necrophage
  3893 | D:5      | Reached skill level 10 in Maces & Flails
  3991 | D:5      | Found a white marble altar of Elyvilon.
  4064 | D:5      | Noticed a sky beast
  4070 | D:5      | Killed a sky beast
  4070 | D:5      | Reached skill level 11 in Maces & Flails
  4199 | D:5      | Reached XP level 8. HP: 49/62 MP: 2/7
  4267 | D:5      | Found a sacrificial altar of Ru.
  4519 | D:6      | Noticed an ogre
  4521 | D:6      | Killed an ogre
  4521 | D:6      | Reached skill level 12 in Maces & Flails
  4602 | D:6      | Reached **** piety under Trog
  4624 | D:6      | Found a staircase to the Ecumenical Temple.
  4856 | D:6      | Noticed a centaur
  4861 | D:6      | Killed a centaur
  5147 | D:6      | Reached skill level 13 in Maces & Flails
  5232 | Temple   | Entered the Ecumenical Temple
  5247 | D:6      | Gained mutation: You possess an exceptional clarity of mind. [potion of beneficial mutation]
  5248 | D:6      | Gained mutation: You can spit weak poison. [potion of beneficial mutation]
  5316 | D:7      | Noticed Prince Ribbit
  5447 | D:6      | Killed Prince Ribbit
  5540 | D:7      | Reached XP level 9. HP: 48/68 MP: 2/8
  5606 | D:7      | Noticed gabygaby's ghost (novice OpTm)
  5969 | D:7      | Killed gabygaby's ghost
  5969 | D:7      | Reached skill level 14 in Maces & Flails
  6123 | D:7      | HP: 2/68 [ogre/giant club (25)]
  6499 | D:7      | Reached skill level 15 in Maces & Flails
  6530 | D:7      | Noticed Dowan
  6530 | D:7      | Noticed Duvessa
  6543 | D:7      | Killed Dowan
  6550 | D:7      | Killed Duvessa
  6941 | D:7      | Gained mutation: You are covered in fur (AC +1). [potion of beneficial mutation]
  7414 | D:8      | Found Agogalab's Assorted Antiques.
  7422 | D:8      | Bought a pair of runed boots for 139 gold pieces
  7427 | D:8      | Identified a +2 pair of boots of running (You bought it in a shop on level 8 of the Dungeon)
  7463 | D:8      | Reached skill level 16 in Maces & Flails
  7956 | D:8      | Noticed Archteshnor's ghost (journeyman GrFi)
  7979 | D:8      | Killed Archteshnor's ghost
  7979 | D:8      | Reached XP level 10. HP: 39/75 MP: 3/9
  8298 | D:8      | Found a glowing golden altar of the Shining One.
  8343 | D:8      | Reached ***** piety under Trog
  8343 | D:8      | Reached skill level 17 in Maces & Flails
  9094 | D:9      | Found a staircase to the Lair.
  9172 | D:9      | Found an opulent altar of Gozag.
  9238 | D:9      | HP: 3/77 [orc warrior/battleaxe (21)]
 10604 | D:10     | Entered Level 10 of the Dungeon
 10606 | D:10     | Noticed Sonja
 10962 | Lair:1   | Entered Level 1 of the Lair of Beasts
 10962 | Lair:1   | Noticed a seven-headed hydra
 10968 | Lair:1   | Killed a seven-headed hydra
 10968 | Lair:1   | Reached skill level 5 in Fighting
 10968 | Lair:1   | Reached skill level 18 in Maces & Flails
 11060 | Lair:1   | Reached XP level 11. HP: 63/88 MP: 3/10
 11417 | Lair:1   | Noticed a seven-headed hydra
 11608 | Lair:1   | Reached skill level 5 in Armour
 12686 | Lair:1   | Killed a seven-headed hydra
 13051 | Lair:2   | Received a gift from Trog
 13239 | Lair:2   | Reached skill level 19 in Maces & Flails
 13861 | Lair:2   | Noticed Urug
 13874 | Lair:2   | Killed Urug
 14136 | Lair:2   | Found a white marble altar of Elyvilon.
 14641 | Lair:3   | Noticed a four-headed hydra
 14651 | Lair:3   | Killed a four-headed hydra
 14651 | Lair:3   | Reached XP level 12. HP: 72/101 MP: 3/11
 14924 | Lair:3   | HP: 2/102 [spiny frog (12)]
 14924 | Lair:3   | Mangled by a spiny frog

Action                   |  1- 3 |  4- 6 |  7- 9 | 10-12 || total
-------------------------+-------+-------+-------+-------++-------
Melee: Mace              |    79 |    61 |       |       ||   140
       Morningstar       |       |    67 |   302 |   448 ||   817
Throw: Stone             |       |       |       |     6 ||     6
Invok: Burn Spellbooks   |       |     2 |     1 |     4 ||     7
       Trog's Hand       |       |       |     2 |     1 ||     3
       Berserk           |       |       |     4 |     5 ||     9
 Abil: Spit Poison       |       |       |       |    23 ||    23
Evoke: Wand              |       |       |       |     1 ||     1
  Use: Scroll            |       |     6 |    12 |    12 ||    30
       Potion            |       |       |     3 |     7 ||    10
  Eat: Chunk             |     3 |     6 |     8 |    18 ||    35
       Pizza             |       |       |     2 |       ||     2
       Beef jerky        |       |       |     1 |    10 ||    11
       Bread ration      |       |       |     1 |       ||     1
